Map: Emerald City LE

Players

parru - Winner!

  • Race: Protoss Protoss
  • League: Silver
  • Spawn Location: 5:00

yonosdadsf - Winner!

  • Race: Zerg Zerg
  • Spawn Location: 5:00

Massa

  • Race: Terran Terran
  • League: Gold
  • Spawn Location: 11:00

qqq

  • Race: Protoss Protoss
  • Spawn Location: 11:00

VOD

Have the link to the VOD?

Description

Time

  • Played on: June 24, 2020, 7:11 a.m.
  • Length: 11:47
Show
View Real Time Build Order
Export as new Build Order

parru Protoss - Winner!

Build Orders:  

Get SALT Encoding   

  12  0:28  Probe  
  13  0:41  Probe  
  14  0:53  Probe  
  15  1:23  Probe  
  7  1:33  Probe  
  5  1:41  Probe  
  6  1:49  Probe  
  7  2:01  Probe  
  8  2:11  Probe  
  9  2:19  Probe  
  9  2:28  Probe  
  11  2:40  Probe  
  12  2:45  Pylon  
  12  2:52  Probe  
  13  3:04  Probe  
  14  3:15  Probe  
  15  3:23  Probe  
  15  3:31  Probe  
  15  3:33  Assimilator  
  17  3:42  Probe  
  18  3:55  Probe  
  19  4:05  Forge  
  19  4:09  Nexus  
  19  4:13  Probe  
  20  4:25  Probe, Pylon  
  21  4:37  Probe  
  22  4:45  Gateway  
  22  4:49  Probe  
  22  4:51  Gateway  
  23  4:53  Pylon  
  23  4:58  Pylon  
  23  5:01  Probe  
  24  5:11  Assimilator  
  24  5:20  Probe  
  25  5:28  Probe  
  26  5:38  Probe  
  26  5:42  Photon Cannon  
  27  5:48  Photon Cannon  
  27  5:54  Photon Cannon  
  27  6:04  Photon Cannon  
  27  6:12  Cybernetics Core  
  27  6:19  Photon Cannon  
  27  6:20  Probe  
  28  6:32  Probe  
  29  6:42  Pylon, Warp Gate  
  29  6:47  Pylon  
  29  7:04  Probe  
  29  7:05  Photon Cannon  
  30  7:12  Assimilator  
  30  7:16  Probe  
  30  7:18  Assimilator  
  31  7:25  Photon Cannon  
  31  7:31  Photon Cannon  
  31  7:33  Probe  
  32  7:38  Pylon  
  32  7:41  Probe  
  32  7:49  Probe  
  33  7:57  Probe  
  34  8:05  Probe  
  35  8:12  Stargate  
  36  8:16  Probe  
  37  8:27  Probe  
  38  8:35  Probe  
  39  8:43  Probe  
  40  8:55  Probe, Stargate  
  41  9:00  Pylon  
  41  9:05  Pylon  
  41  9:13  Fleet Beacon  
  41  9:21  Stargate  
  41  9:37  Stalker  
  43  9:38  Stalker  
  45  10:01  Nexus  
  45  10:05  Assimilator  
  45  10:07  Assimilator  
  45  10:11  Pylon  
  45  10:14  Pylon  
  45  10:17  Pylon  
  45  10:20  Pylon  
  45  10:24  Pylon  
  45  10:38  Gateway  
  45  10:40  Gateway  
  45  10:54  Tempest x3  
  60  11:05  Gateway  
  60  11:06  Gateway  
  60  11:10  Gateway  
  60  11:12  Probe  
  60  11:15  Photon Cannon  
  61  11:20  Probe  
  62  11:26  Photon Cannon  
  62  11:30  Probe  
Show
View Real Time Build Order
Export as new Build Order

yonosdadsf Zerg - Winner!

Build Orders: Pool First 

Get SALT Encoding   

  12  0:18  Spawning Pool  
  11  0:22  Drone  
  11  0:27  Drone  
  13  0:30  Extractor  
  12  0:39  Overlord  
  12  1:05  Zergling x4  
  12  1:07  Zergling x2  
  12  1:10  Queen  
  17  1:18  Zergling x2  
  18  1:29  Zergling x2  
  19  1:34  Metabolic Boost  
  19  1:40  Zergling x2  
  20  1:52  Zergling x2  
  21  2:05  Zergling x2  
  22  2:14  Zergling x2  
  21  2:26  Zergling x2  
  21  2:31  Overlord  
  21  2:57  Zergling x2  
  21  2:58  Zergling x4  
  23  3:09  Zergling x2  
  23  3:10  Zergling x2  
  23  3:11  Zergling x2  
  24  3:20  Zergling x2  
  24  3:32  Zergling x2  
  25  3:46  Zergling x2  
  26  3:55  Drone x4  
  30  3:57  Lair  
  29  4:05  Overlord  
  26  4:41  Drone x2  
  26  4:42  Drone x3  
  30  5:01  Drone  
  30  5:05  Hatchery  
  30  5:08  Spire  
  30  5:21  Extractor  
  30  5:25  Drone, Hydralisk Den, Overlord  
  29  5:38  Drone x3  
  32  5:49  Drone x2  
  31  5:53  Overlord  
  31  5:58  Grooved Spines  
  31  6:19  Hatchery  
  28  6:26  Spore Crawler  
  28  6:28  Overlord  
  28  6:29  Drone  
  28  6:30  Hydralisk  
  29  6:33  Drone x2  
  31  6:44  Hydralisk, Evolution Chamber  
  32  6:47  Evolution Chamber  
  31  6:56  Hydralisk  
  31  7:00  Hydralisk x2  
  37  7:02  Drone  
  37  7:03  Drone x2, Queen  
  37  7:05  Overlord x2  
  42  7:10  Zerg Missile Weapons Level 1, Muscular Augments  
  42  7:20  Zerg Ground Armor Level 1  
  42  7:26  Drone x2  
  44  7:32  Drone  
  44  7:35  Hydralisk  
  47  7:38  Overlord  
  47  7:42  Drone  
  48  7:45  Hydralisk  
  48  7:48  Hydralisk  
  48  7:49  Hydralisk  
  54  7:52  Drone  
  54  7:54  Drone x2  
  57  7:59  Queen  
  57  8:04  Overlord  
  59  8:09  Drone x2  
  59  8:12  Drone  
  62  8:14  Hydralisk  
  62  8:18  Hydralisk  
  66  8:22  Hydralisk  
  68  8:27  Overlord  
  69  8:34  Drone x2  
  69  8:36  Hydralisk x3, Overlord  
  69  8:37  Hydralisk  
  78  8:43  Hydralisk x3  
  84  8:49  Drone  
  84  8:50  Drone  
  84  8:52  Overlord  
  86  8:58  Overlord  
  86  8:59  Hydralisk  
  88  9:07  Drone  
  88  9:09  Overlord x2  
  89  9:17  Zerg Missile Weapons Level 2  
  89  9:18  Zerg Ground Armor Level 2  
  89  9:23  Hydralisk, Infestation Pit  
  89  9:24  Hydralisk  
  90  9:29  Drone x3  
  90  9:30  Drone x3  
  90  9:31  Drone  
  99  9:32  Extractor  
  99  9:34  Extractor  
  91  9:52  Hydralisk x2  
  85  9:53  Hydralisk x4  
  93  10:05  Overseer  
  89  10:07  Hydralisk  
  89  10:17  Hydralisk x2  
  89  10:18  Hydralisk x4  
  89  10:19  Hydralisk  
  103  10:29  Drone x4  
  107  10:36  Extractor  
  107  10:37  Overlord x2  
  107  10:38  Extractor  
  105  10:55  Hydralisk  
  107  11:00  Hydralisk x2  
  107  11:01  Hydralisk  
  113  11:22  Hydralisk  
  113  11:23  Hydralisk x5  
  125  11:29  Overseer x2  
  125  11:30  Overseer  
Show
View Real Time Build Order
Export as new Build Order

Massa Terran 

Build Orders:  

Get SALT Encoding   

  13  0:07  SCV  
  13  0:16  Supply Depot  
  13  0:19  SCV  
  14  0:31  SCV  
  15  0:38  Barracks  
  15  0:43  SCV  
  15  0:47  Refinery  
  16  0:55  SCV  
  17  1:07  SCV  
  18  1:19  SCV  
  17  1:31  SCV  
  15  1:44  SCV  
  16  1:47  Barracks  
  16  1:56  SCV  
  17  2:08  SCV  
  18  2:20  SCV  
  16  2:32  SCV  
  18  2:41  Marine  
  18  2:51  Supply Depot  
  16  2:59  Marine  
  16  3:00  SCV  
  12  3:17  Marine  
  7  3:28  Marine  
  5  3:35  Marine  
  5  3:38  SCV  
  6  3:46  Marine  
  7  3:50  SCV  
  4  6:30  Command Center  
  4  7:45  Marine  
  4  7:46  Marine  
  6  7:55  SCV  
  7  8:03  Marine x2  
  9  8:08  SCV  
  10  8:20  SCV  
  11  8:38  SCV  
  12  8:45  Marine  
  13  8:50  SCV  
  15  9:03  Marine  
  15  9:04  SCV  
  16  9:16  SCV  
  17  9:29  Orbital Command  
  11  9:46  Marine  
  11  9:47  Marine  
  13  10:04  Marine x2  
  15  10:12  SCV  
  16  10:22  Marine x2  
  16  10:24  SCV  
  19  10:36  SCV  
  19  10:42  Marine x2  
  20  11:00  Marine x2  
  16  11:22  Supply Depot  
  14  11:43  Command Center  
Show
View Real Time Build Order
Export as new Build Order

qqq Protoss 

Build Orders:  

Get SALT Encoding   

  12  0:02  Probe  
  13  0:14  Pylon  
  13  0:25  Probe  
  14  0:33  Forge  
  14  0:38  Probe  
  15  0:50  Probe  
  16  1:02  Probe  
  17  1:14  Photon Cannon  
  17  1:15  Probe  
  18  1:27  Probe  
  19  1:38  Pylon  
  19  1:39  Probe  
  19  2:01  Photon Cannon  
  18  2:18  Pylon  
  18  2:34  Pylon  
  18  2:36  Photon Cannon  
  18  2:45  Gateway  
  18  2:56  Photon Cannon  
  18  3:07  Photon Cannon  
  18  3:12  Probe  
  12  3:29  Photon Cannon  
  12  3:32  Probe  
  13  3:42  Zealot  
  15  3:55  Photon Cannon  
  15  4:01  Probe  
  16  4:13  Probe  
  17  4:18  Photon Cannon  
  17  4:29  Photon Cannon  
  17  4:36  Pylon  
  17  4:56  Photon Cannon  
  17  4:58  Photon Cannon  
  17  5:12  Photon Cannon  
  17  5:15  Probe  
  18  5:28  Probe  
  19  5:42  Zealot  
  19  5:54  Probe, Cybernetics Core  
  20  6:00  Assimilator  
  20  6:02  Assimilator  
  20  6:06  Probe  
  21  6:18  Probe  
  22  6:30  Probe  
  23  6:42  Probe  
  24  6:54  Probe  
  25  7:01  Stargate  
  25  7:15  Twilight Council  
  25  7:33  Pylon  
  25  7:39  Pylon  
  25  7:45  Stalker  
  27  7:52  Photon Cannon  
  27  7:54  Gateway  
  27  7:56  Pylon  
  27  8:12  Dark Shrine  
  27  8:16  Robotics Facility  
  27  8:28  Photon Cannon  
  27  8:31  Pylon  
  27  8:58  Nexus  
  27  9:17  Warp Prism, Dark Templar  
  31  9:43  Dark Templar  
  27  10:16  Dark Templar  
  27  10:18  Nexus  
  27  10:24  Pylon  
  27  10:34  Photon Cannon  
  26  10:49  Dark Templar  
  28  11:00  Stargate  
  28  11:04  Photon Cannon  
Tags
 
Add a new tag
Caveats
  • Supply blocks, unpowered buildings, or Contaminate may cause inaccurate times.
  • Supply counts are checked every 10 seconds.